Map: Lerilak Crest

Players

LilDicky

  • Race: Terran Terran
  • League: Diamond

AfterMath - Winner!

  • Race: Zerg Zerg
  • League: Platinum

VOD

http://www.twitch.tv/tumescentpie

Description

Time

  • Played on: Jan. 5, 2016, 7:38 p.m.
  • Length: 19:34
Show
View Real Time Build Order
Export as new Build Order

LilDicky Terran 

Build Orders: Command Center First (CC), MMM Bio 

Get SALT Encoding   

  12  0:01  SCV  
  13  0:14  SCV  
  14  0:28  SCV  
  15  0:30  Supply Depot  
  15  0:51  SCV  
  16  1:01  Command Center  
  16  1:03  SCV  
  17  1:12  Barracks  
  17  1:16  SCV  
  18  1:28  SCV  
  19  1:35  Refinery  
  19  1:45  SCV  
  20  1:48  Refinery  
  20  1:49  Supply Depot  
  20  1:54  Barracks  
  20  1:57  Barracks  
  20  2:07  Orbital Command  
  20  2:13  Barracks Tech Lab  
  20  2:23  Orbital Command  
  20  2:32  Refinery  
  20  2:33  Marine  
  21  2:44  SCV  
  21  2:46  Marine  
  21  2:47  Marine  
  24  2:51  Orbital Command  
  24  2:54  Stimpack  
  24  2:55  Marine  
  25  3:13  Barracks Reactor  
  25  3:14  Barracks Tech Lab  
  25  3:20  SCV x2  
  27  3:27  Marine  
  27  3:32  SCV  
  27  3:33  Bunker  
  29  3:37  Combat Shields, Barracks  
  29  3:38  Marine  
  30  3:41  SCV  
  30  3:45  Barracks, Marine  
  31  3:58  SCV, Factory  
  31  3:59  SCV  
  33  4:03  Marine  
  33  4:04  Marine  
  33  4:05  Marine  
  36  4:13  Marine  
  37  4:18  Supply Depot  
  37  4:25  SCV  
  37  4:28  SCV  
  37  4:29  Marine  
  40  4:31  Barracks Reactor  
  40  4:32  Barracks Reactor  
  40  4:37  SCV  
  41  4:41  SCV  
  41  4:51  Starport, Factory Reactor  
  41  4:53  Marine x4  
  41  4:58  SCV  
  46  5:04  SCV  
  47  5:10  Supply Depot  
  47  5:11  Supply Depot, Marine x2  
  47  5:12  Marine x3  
  47  5:13  Marine x2  
  54  5:32  SCV, Marine x3  
  57  5:41  Supply Depot  
  58  5:42  SCV  
  58  5:43  Supply Depot  
  58  5:44  SCV, Concussive Shells  
  58  5:45  Marauder  
  61  5:50  Marauder  
  61  5:55  SCV, Medivac x2  
  67  6:07  Marauder  
  69  6:23  Marine  
  69  6:24  Marauder  
  69  6:25  Marine x2, Medivac x2  
  76  6:28  Marauder  
  76  6:32  Command Center  
  80  6:34  Barracks  
  80  6:36  Engineering Bay  
  80  6:39  Marine x3  
  83  6:43  Engineering Bay  
  83  6:45  Marauder  
  83  6:46  SCV  
  86  7:23  Terran Infantry Armor Level 1  
  86  7:27  Terran Infantry Weapons Level 1  
  86  7:33  Barracks  
  86  7:34  Barracks  
  86  7:44  Marauder, SCV, Medivac, Marine x7  
  84  8:01  Marine x7  
  83  8:11  Marine  
  80  8:19  Marine x3  
  75  8:20  Marauder  
  75  8:26  Marine x2  
  76  8:27  Marine  
  76  8:30  Marauder  
  79  8:37  Marine  
  82  8:41  Marauder  
  82  8:51  Marauder  
  84  9:01  Marine x2  
  81  9:07  Command Center  
  12  10:35  Command Center  
  7  12:07  SCV  
  3  12:30  Command Center  
Show
View Real Time Build Order
Export as new Build Order

AfterMath Zerg - Winner!

Build Orders: Hatch First 

Get SALT Encoding   

  12  0:01  Drone  
  13  0:12  Overlord  
  13  0:18  Drone  
  14  0:32  Drone x2  
  16  0:36  Drone  
  17  0:55  Hatchery  
  17  0:56  Drone  
  17  1:05  Drone  
  18  1:13  Spawning Pool  
  18  1:16  Extractor  
  16  1:19  Drone  
  16  1:22  Drone  
  18  1:36  Drone  
  19  1:47  Drone  
  20  2:00  Queen  
  22  2:02  Overlord x2  
  22  2:09  Queen  
  22  2:10  Zergling x2  
  22  2:13  Drone  
  26  2:18  Overlord  
  26  2:23  Drone  
  26  2:27  Metabolic Boost  
  27  2:33  Drone x2  
  29  2:41  Overlord  
  29  2:45  Spine Crawler  
  29  2:47  Drone  
  29  2:55  Drone x2  
  30  3:08  Drone x2  
  30  3:09  Drone x3  
  35  3:13  Drone  
  35  3:19  Drone x3  
  40  3:20  Drone  
  40  3:26  Zergling x2  
  41  3:29  Drone  
  41  3:32  Lair  
  42  3:35  Drone  
  42  3:39  Overlord  
  43  3:56  Evolution Chamber, Drone x6  
  43  3:58  Evolution Chamber  
  43  3:59  Spore Crawler  
  43  4:02  Spore Crawler  
  45  4:09  Overlord x2  
  45  4:13  Extractor x2  
  45  4:15  Extractor  
  42  4:17  Roach Warren  
  41  4:26  Drone x2  
  41  4:30  Zerg Missile Weapons Level 1  
  43  4:33  Hatchery, Zerg Ground Armor Level 1  
  42  4:58  Overlord x2  
  42  5:09  Hydralisk Den  
  42  5:10  Drone x2  
  42  5:11  Drone x7  
  42  5:12  Drone x2  
  42  5:13  Infestation Pit  
  51  5:20  Zergling x2  
  51  5:21  Zergling x2  
  53  5:38  Muscular Augments  
  53  5:40  Glial Reconstitution  
  53  5:42  Roach  
  63  5:43  Roach x4  
  63  5:56  Hive  
  63  6:02  Overlord  
  63  6:04  Extractor  
  63  6:07  Extractor  
  60  6:22  Baneling Nest, Pathogen Glands  
  60  6:23  Overlord x2  
  59  6:25  Hydralisk x2  
  59  6:26  Hydralisk  
  65  6:45  Hydralisk  
  65  6:46  Hydralisk x4  
  75  6:58  Hydralisk x3  
  81  7:03  Roach x2  
  81  7:07  Drone x2  
  87  7:13  Drone x2  
  88  7:37  Ultralisk Cavern  
  87  7:39  Zergling x2  
  87  7:40  Zergling x12  
  87  7:41  Zergling x6  
  96  7:56  Zergling x12  
  96  7:57  Zergling x8  
  102  8:18  Zerg Ground Armor Level 2, Zerg Missile Weapons Level 2  
  92  8:48  Adrenal Glands  
  92  8:50  Chitinous Plating  
  84  9:04  Zergling x2  
  84  9:05  Zergling x30  
  94  9:21  Spire  
  93  9:40  Drone x2  
  93  9:41  Drone x3  
  98  9:58  Zergling x2  
  98  9:59  Zergling x22  
  99  10:43  Mutalisk  
  99  10:44  Mutalisk x10  
  121  11:06  Overlord x2  
  121  11:07  Overlord  
  121  11:36  Spire  
  120  11:49  Spire  
  119  12:38  Overlord x2  
  119  13:17  Mutalisk  
  119  13:18  Mutalisk x8  
  137  15:57  Mutalisk x10  
  137  15:58  Mutalisk x2  
  161  18:08  Overlord  
  161  18:09  Overlord x2  
  161  18:25  Hatchery  
Tags
 
Add a new tag
Caveats
  • Supply blocks, unpowered buildings, or Contaminate may cause inaccurate times.
  • Supply counts are checked every 10 seconds.